 Dungeon Sprint DCSS version 0.21-a0-314-gb3271ec (webtiles) character file.

20961 potatolord6000 the Martial Artist (level 12, -2/102 HPs)
             Began as a Gnoll Transmuter on Sept 29, 2017.
             Was the Champion of Sif Muna.
             Slain by a cyan ugly thing (13 damage)
             ... in the Dungeon (Sprint IX: "|||||||||||||||||||||||||||||").
             The game lasted 00:13:59 (2510 turns).

potatolord6000 the Martial Artist (GnTm)            Turns: 2510, Time: 00:14:00

Health: -2/102     AC: 14    Str: 16    XL:     12   Next: 85%
Magic:  18/36      EV: 23    Int: 17    God:    Sif Muna [******]
Gold:   1280       SH:  0    Dex: 19    Spells: 13/34 levels left

rFire    . . .     SeeInvis +     - Unarmed
rCold    . . .     Gourm    .   (no shield)
rNeg     . . .     Faith    .   b - +2 robe
rPois    .         Spirit   .   y - +2 hat {SInv}
rElec    .         Reflect  .   m - +0 cloak
rCorr    .         Harm     .   g - +0 pair of gloves {Dex+3}
MR       .....     NoTele   +   f - +1 pair of boots
Stlth    +++++.....             (no amulet)
HPRegen  0.27/turn              d - ring of magical power
MPRegen  0.25/turn              o - +2 ring of protection

@: no status effects
A: distributed training, fangs 1, strong nose
a: Divine Energy, Channel Magic, Forget Spell, Renounce Religion


You were in the Dungeon.
You worshipped Sif Muna.
Sif Muna was exalted by your worship.
You were full.

You visited 1 branch You collected 1916 gold pieces.
You spent 636 gold pieces at shops.

Inventory:

Armour
 a - a +0 pair of boots
 b - a +2 robe (worn)
 f - a +1 pair of boots (worn)
 g - a +0 pair of gloves of dexterity (worn)
 m - a +0 cloak (worn)
 y - a +2 hat of see invisible (worn)
Jewellery
 d - a ring of magical power (left hand)
 o - a +2 ring of protection (right hand)
Scrolls
 j - 3 scrolls of blinking
 k - 3 scrolls of remove curse
 l - a scroll of amnesia
 t - 4 scrolls of enchant weapon
 u - a scroll of identify
 v - 2 scrolls of fear
 w - a scroll of recharging
 C - a scroll of fog
Potions
 e - 9 potions of curing
 h - 3 potions of magic
 i - a potion of invisibility
 q - 4 potions of might
 r - 2 potions of brilliance
 s - a potion of agility
 z - a potion of mutation {unknown}
 A - a potion of berserk rage
 B - a potion of resistance
Books
 c - a book of Changes

   Spells                             Type                      Level
   a - Beastly Appendage              Transmutation                1
   b - Sticks to Snakes               Transmutation                2
   c - Spider Form                    Transmutation/Poison         3
   d - Ice Form                       Ice/Transmutation            4
   e - Blade Hands                    Transmutation                5
Comestibles
 n - 40 fruits
 p - 12 bread rations
 x - 10 meat rations


   Skills:
 + Level 12.0 Fighting
 + Level 11.3 Short Blades
 + Level 11.8 Long Blades
 + Level 12.0 Axes
 + Level 11.4 Maces & Flails
 + Level 11.7 Polearms
 + Level 11.6 Staves
 + Level 11.4 Slings
 + Level 12.0 Bows
 + Level 11.7 Crossbows
 + Level 11.3 Throwing
 + Level 11.9 Armour
 + Level 12.8 Dodging
 + Level 12.6 Stealth
   Level 0.0 Stabbing
 + Level 11.9 Shields
   Level 0.0 Traps
 + Level 13.2 Unarmed Combat
 + Level 11.9 Spellcasting
 + Level 11.3 Conjurations
 + Level 12.0 Hexes
 + Level 10.9 Charms
 + Level 11.8 Summonings
 + Level 11.5 Necromancy
 + Level 11.4 Translocations
 + Level 12.8 Transmutations
 + Level 11.6 Fire Magic
 + Level 11.2 Ice Magic
 + Level 10.9 Air Magic
 + Level 11.5 Earth Magic
 + Level 11.3 Poison Magic
 + Level 11.1 Invocations
 + Level 11.6 Evocations


You had 13 spell levels left.
You knew the following spells:

 Your Spells              Type           Power        Failure   Level  Hunger
a - Ice Form              Ice/Tmut       ######..     1%          4    ##.....
b - Blade Hands           Tmut           ######....   1%          5    ####...
c - Bolt of Fire          Conj/Fire      #####.....   10%         6    ######.
d - Hydra Form            Tmut           ######....   5%          6    ######.


Dungeon Overview and Level Annotations

Branches:
Dungeon (1/1)

Altars:
Cheibriados
Dithmenos
Elyvilon
Fedhas
Gozag
Hepliaklqana
Kikubaaqudgha
Makhleb
Nemelex Xobeh
Okawaru
Qazlal
Ru
Sif Muna
Trog
Uskayaw
Vehumet
Wu Jian
Xom
Yredelemnul
Zin
The Shining One
Beogh
Jiyva
Lugonu

Shops:
D :!}[


Innate Abilities, Weirdness & Mutations

Your experience applies equally to all skills.
You have very sharp teeth.
Your uncanny sense of smell can sniff out nearby items.


Message History

The cyan ugly thing headbutts you. The cyan ugly thing shocks you!
Unknown command.
You chomp the cyan ugly thing!!!
The cyan ugly thing is almost dead.
The cyan ugly thing headbutts you. The cyan ugly thing shocks you!
* * * LOW HITPOINT WARNING * * *
Unknown command.
You nip at the cyan ugly thing.
The cyan ugly thing is almost dead.
Your transformation has ended.
Your +0 cloak unmelds from your body.
Your +2 hat of see invisible unmelds from your body.
Your +0 pair of gloves of dexterity unmelds from your body.
Your +1 pair of boots unmelds from your body.
Your +2 robe unmelds from your body.
You feel perceptive.
You feel agile. The cyan ugly thing headbutts you!
* * * LOW HITPOINT WARNING * * *
The cyan ugly thing shocks you!
You die...

▓.▓.▓.▓.▓.▓.▓
▓.▓.▓.▓.▓'▓.▓.▓
▓Z▓.▓)▓.▓=▓.▓.▓
▓D▓.▓∩▓.▓[▓.▓.▓
▓D▓.▓.▓.▓)▓.▓†▓
▓c▓.▓∩▓.▓.▓.▓.▓
▓W▓.▓)▓.▓.▓.▓.▓
▓u▓.▓∩▓.▓.▓.▓[▓
▓@▓.▓)▓.▓.▓.▓.▓
▓(▓.▓∩▓.▓.▓.▓.▓
▓.▓.▓)▓.▓.▓.▓/▓
▓)▓.▓)▓.▓.▓.▓|▓
▓(▓.▓.▓.▓÷▓.▓.▓
▓'▓.▓)▓.▓:▓.▓.▓
▓(▓.▓)▓.▓÷▓.▓'▓
▓.▓)▓:▓.▓.▓.▓_▓
▓(▓.▓.▓.▓.▓.▓_▓


You could see a fire dragon, an ice dragon, a cyan ugly thing, a centaur
warrior, a wraith and an adder skeleton.

Vanquished Creatures
  Gastronok (D)
  A stone giant (D)
  Josephine (D)
  A hydra (D)
  A centaur warrior (D)
  6 orc high priests (D)
  An unseen horror (D)
  8 orc knights (D)
  An orc sorcerer (D)
  An elephant (D)
  A cyclops (D)
  A salamander (shapeshifter) (D)
  Maurice (D)
  Psyche (D)
  A spiny frog (D)
  4 komodo dragons (D)
  A meliai (D)
  A blink frog (D)
  4 hippogriffs (D)
  6 yaks (D)
  5 wraiths (D)
  3 wargs (D)
  A water moccasin (D)
  2 hell hounds (D)
  A porcupine (D)
  11 orc warriors (D)
  3 wolves (D)
  A centaur (D)
  A phantom (D)
  A crocodile (D)
  3 bullfrogs (D)
  A killer bee (D)
  A crimson imp (D)
  3 orc wizards (D)
  4 orc priests (D)
  An iguana (D)
  A worker ant (D)
  A leopard gecko (D)
  6 orcs (D)
  A bat (D)
  A bat zombie (D)
  A giant cockroach (D)
  A hobgoblin (D)
  A quokka (D)
  A frilled lizard (D)
  A kobold (D)
100 creatures vanquished.

Notes
Turn   | Place    | Note
-------+----------+-------------------------------------------
     0 | D        | potatolord6000 the Gnoll Transmuter began the quest for the Orb.
     0 | D        | Reached XP level 1. HP: 17/17 MP: 6/6
     8 | D        | Reached skill level 1 in Crossbows
    10 | D        | Reached skill level 1 in Axes
    10 | D        | Reached skill level 1 in Evocations
    11 | D        | Reached skill level 1 in Staves
    11 | D        | Reached skill level 1 in Throwing
    11 | D        | Reached skill level 1 in Conjurations
    13 | D        | Reached skill level 1 in Stealth
    13 | D        | Reached skill level 5 in Spellcasting
    17 | D        | Reached skill level 1 in Armour
    17 | D        | Reached skill level 1 in Hexes
    17 | D        | Reached skill level 1 in Translocations
    44 | D        | Noticed a crimson imp
    44 | D        | Noticed a worker ant
    44 | D        | Noticed an iguana
    47 | D        | Killed an iguana
    47 | D        | Reached skill level 1 in Short Blades
    47 | D        | Reached skill level 1 in Maces & Flails
    47 | D        | Reached skill level 1 in Polearms
    47 | D        | Reached skill level 1 in Slings
    47 | D        | Reached skill level 1 in Shields
    47 | D        | Reached skill level 1 in Necromancy
    47 | D        | Reached skill level 1 in Ice Magic
    47 | D        | Reached skill level 1 in Earth Magic
    47 | D        | Reached skill level 1 in Poison Magic
    47 | D        | Reached XP level 2. HP: 24/24 MP: 6/8
    47 | D        | Reached XP level 3. HP: 29/29 MP: 6/9
    53 | D        | Reached skill level 1 in Long Blades
    53 | D        | Reached skill level 1 in Charms
    53 | D        | Reached skill level 1 in Summonings
    53 | D        | Reached skill level 1 in Air Magic
    54 | D        | Reached XP level 4. HP: 37/37 MP: 6/11
    57 | D        | Reached skill level 5 in Dodging
    57 | D        | Reached skill level 5 in Transmutations
    61 | D        | Found a roughly hewn altar of Beogh.
    61 | D        | Found a snail-covered altar of Cheibriados.
    61 | D        | Found a shadowy altar of Dithmenos.
    61 | D        | Found a white marble altar of Elyvilon.
    61 | D        | Found a blossoming altar of Fedhas.
    61 | D        | Found an opulent altar of Gozag.
    62 | D        | Found a hazy altar of Hepliaklqana.
    63 | D        | Found a viscous altar of Jiyva.
    64 | D        | Found an ancient bone altar of Kikubaaqudgha.
    65 | D        | Found a corrupted altar of Lugonu.
    66 | D        | Found a burning altar of Makhleb.
    67 | D        | Found a sparkling altar of Nemelex Xobeh.
    68 | D        | Found an iron altar of Okawaru.
    69 | D        | Found a stormy altar of Qazlal.
    70 | D        | Found a sacrificial altar of Ru.
    71 | D        | Found a deep blue altar of Sif Muna.
    72 | D        | Found a bloodstained altar of Trog.
    73 | D        | Found a hide-covered altar of Uskayaw.
    74 | D        | Found a radiant altar of Vehumet.
    75 | D        | Found an ornate altar of the Wu Jian Council.
    76 | D        | Found a shimmering altar of Xom.
    77 | D        | Found a basalt altar of Yredelemnul.
    78 | D        | Found a glowing silver altar of Zin.
    79 | D        | Became a worshipper of Sif Muna the Loreminder
    80 | D        | Found a glowing golden altar of the Shining One.
   111 | D        | Learned a level 4 spell: Ice Form
   133 | D        | Noticed a hippogriff
   133 | D        | Noticed a yak
   133 | D        | Noticed a phantom
   137 | D        | Killed a phantom
   137 | D        | Reached skill level 7 in Unarmed Combat
   137 | D        | Reached XP level 5. HP: 43/43 MP: 7/13
   139 | D        | Reached * piety under Sif Muna
   149 | D        | Killed a yak
   149 | D        | Reached skill level 5 in Fighting
   149 | D        | Reached skill level 5 in Armour
   149 | D        | Reached skill level 5 in Conjurations
   149 | D        | Reached skill level 5 in Evocations
   149 | D        | Reached XP level 6. HP: 35/51 MP: 8/15
   151 | D        | Killed a hippogriff
   151 | D        | Reached ** piety under Sif Muna
   151 | D        | Reached skill level 5 in Short Blades
   151 | D        | Reached skill level 5 in Axes
   151 | D        | Reached skill level 5 in Staves
   151 | D        | Reached skill level 5 in Slings
   151 | D        | Reached skill level 5 in Bows
   151 | D        | Reached skill level 5 in Crossbows
   151 | D        | Reached skill level 5 in Stealth
   151 | D        | Reached skill level 5 in Shields
   151 | D        | Reached skill level 8 in Unarmed Combat
   151 | D        | Reached skill level 5 in Hexes
   151 | D        | Reached skill level 5 in Translocations
   151 | D        | Reached skill level 5 in Poison Magic
   151 | D        | Reached XP level 7. HP: 39/57 MP: 9/17
   284 | D        | Noticed a hippogriff
   284 | D        | Noticed a salamander
   284 | D        | Noticed a komodo dragon
   289 | D        | Killed a komodo dragon
   289 | D        | Reached skill level 5 in Long Blades
   289 | D        | Reached skill level 5 in Maces & Flails
   289 | D        | Reached skill level 5 in Polearms
   289 | D        | Reached skill level 5 in Throwing
   289 | D        | Reached skill level 5 in Summonings
   289 | D        | Reached skill level 5 in Necromancy
   289 | D        | Reached skill level 5 in Fire Magic
   289 | D        | Reached skill level 5 in Ice Magic
   289 | D        | Reached skill level 5 in Earth Magic
   289 | D        | Reached skill level 5 in Invocations
   296 | D        | Killed a salamander
   296 | D        | Reached *** piety under Sif Muna
   296 | D        | Reached skill level 5 in Charms
   296 | D        | Reached skill level 5 in Air Magic
   296 | D        | Reached XP level 8. HP: 29/67 MP: 14/19
   301 | D        | Killed a hippogriff
   301 | D        | Reached skill level 9 in Unarmed Combat
   308 | D        | Killed an unseen horror
   308 | D        | Reached **** piety under Sif Muna
   308 | D        | Reached XP level 9. HP: 40/74 MP: 16/21
   501 | D        | Learned a level 5 spell: Blade Hands
   609 | D        | Noticed a komodo dragon
   622 | D        | Killed a komodo dragon
   622 | D        | Reached skill level 10 in Unarmed Combat
   629 | D        | Reached ***** piety under Sif Muna
   637 | D        | Identified Sif Muna's Volume of Flying Arcane Weapons (Sif Muna gifted it to you in the Dungeon)
   637 | D        | Received a gift from Sif Muna
   651 | D        | Learned a level 6 spell: Bolt of Fire
   669 | D        | Noticed a komodo dragon
   670 | D        | Noticed a komodo dragon
   672 | D        | Reached XP level 10. HP: 81/81 MP: 18/23
   675 | D        | Noticed a spiny frog
   694 | D        | Noticed an elephant
   696 | D        | HP: 4/98 [komodo dragon (31)]
   705 | D        | Killed a spiny frog
   710 | D        | Killed an elephant
   710 | D        | Reached skill level 10 in Dodging
   710 | D        | Reached skill level 10 in Transmutations
   714 | D        | Reached skill level 11 in Unarmed Combat
  1028 | D        | Reached skill level 10 in Stealth
  1032 | D        | Received a gift from Sif Muna
  1345 | D        | Noticed Psyche
  1355 | D        | Killed Psyche
  1429 | D        | Reached XP level 11. HP: 77/89 MP: 24/24
  1549 | D        | Noticed an orc knight
  1553 | D        | Reached skill level 10 in Spellcasting
  1555 | D        | Killed an orc knight
  1555 | D        | Identified Sif Muna's Guide on Ensnaring Moulding (Sif Muna gifted it to you in the Dungeon)
  1555 | D        | Received a gift from Sif Muna
  1555 | D        | Reached skill level 10 in Armour
  1564 | D        | Noticed an orc sorcerer
  1570 | D        | Killed an orc sorcerer
  1570 | D        | Reached skill level 10 in Axes
  1570 | D        | Reached skill level 10 in Bows
  1570 | D        | Reached skill level 10 in Hexes
  1615 | D        | Learned a level 6 spell: Hydra Form
  1879 | D        | Found Goisyxta's Antique Armour Boutique.
  1879 | D        | Noticed an orc knight
  1879 | D        | Noticed an orc high priest
  1879 | D        | Noticed an orc knight
  1879 | D        | Noticed an orc high priest
  1879 | D        | Noticed an orc knight
  1880 | D        | Noticed an orc knight
  1881 | D        | Killed an orc knight
  1881 | D        | Reached skill level 10 in Fighting
  1881 | D        | Reached skill level 10 in Staves
  1881 | D        | Reached skill level 10 in Evocations
  1882 | D        | Found Kauzaf's Gadget Shop.
  1885 | D        | Noticed an orc high priest
  1886 | D        | Killed an orc high priest
  1886 | D        | Reached skill level 10 in Polearms
  1886 | D        | Reached skill level 10 in Crossbows
  1886 | D        | Reached skill level 10 in Shields
  1889 | D        | Killed an orc knight
  1889 | D        | Reached skill level 10 in Summonings
  1890 | D        | Noticed a sun demon
  1894 | D        | Found Rustrosch's Distillery.
  1894 | D        | Noticed an orc knight
  1899 | D        | Killed an orc high priest
  1899 | D        | Reached skill level 10 in Short Blades
  1899 | D        | Reached skill level 10 in Long Blades
  1899 | D        | Reached skill level 10 in Slings
  1899 | D        | Reached skill level 10 in Necromancy
  1899 | D        | Reached skill level 10 in Fire Magic
  1899 | D        | Reached skill level 10 in Earth Magic
  1907 | D        | Noticed an orc knight
  1907 | D        | Killed an orc knight
  1907 | D        | Reached ****** piety under Sif Muna
  1907 | D        | Identified Itubouh's Papyrus of Gliding Contamination (Sif Muna gifted it to you in the Dungeon)
  1907 | D        | Received a gift from Sif Muna
  1907 | D        | Reached skill level 10 in Maces & Flails
  1907 | D        | Reached skill level 12 in Unarmed Combat
  1908 | D        | Found Utest's Book Shop.
  1914 | D        | Killed an orc knight
  1914 | D        | Reached skill level 10 in Translocations
  1915 | D        | Noticed an orc high priest
  1917 | D        | Killed an orc high priest
  1917 | D        | Reached skill level 10 in Invocations
  1919 | D        | Noticed an orc high priest
  1924 | D        | Noticed an orc high priest
  1926 | D        | Killed an orc knight
  1926 | D        | Reached skill level 10 in Conjurations
  1926 | D        | Reached skill level 10 in Poison Magic
  1927 | D        | Noticed a soul eater
  1937 | D        | Killed an orc knight
  1937 | D        | Reached skill level 10 in Throwing
  1940 | D        | Killed an orc high priest
  1940 | D        | Reached skill level 10 in Ice Magic
  1940 | D        | Reached XP level 12. HP: 95/99 MP: 27/27
  1951 | D        | Killed an orc high priest
  1951 | D        | Reached skill level 10 in Air Magic
  1952 | D        | Noticed a sun demon
  1956 | D        | Killed an orc high priest
  2003 | D        | Bought a pair of embroidered gloves for 142 gold pieces
  2018 | D        | Bought a potion of might for 52 gold pieces
  2018 | D        | Bought a potion of might for 52 gold pieces
  2018 | D        | Bought 2 potions of might for 104 gold pieces
  2018 | D        | Bought a potion of curing for 39 gold pieces
  2018 | D        | Bought a potion of brilliance for 52 gold pieces
  2018 | D        | Bought a potion of agility for 52 gold pieces
  2018 | D        | Bought a potion of magic for 104 gold pieces
  2018 | D        | Bought a potion of curing for 39 gold pieces
  2039 | D        | Noticed Gastronok
  2056 | D        | Killed Gastronok
  2056 | D        | Received a gift from Sif Muna
  2056 | D        | Reached skill level 10 in Charms
  2092 | D        | Noticed Maurice
  2104 | D        | Killed Maurice
  2108 | D        | Noticed Josephine
  2128 | D        | Killed Josephine
  2484 | D        | Noticed a centaur warrior
  2484 | D        | Noticed a six-headed hydra
  2487 | D        | Killed a six-headed hydra
  2487 | D        | Reached skill level 13 in Unarmed Combat
  2487 | D        | Killed a centaur warrior
  2490 | D        | Noticed a stone giant
  2494 | D        | Noticed a centaur warrior
  2499 | D        | Noticed an ice dragon
  2505 | D        | Noticed a fire dragon
  2507 | D        | Killed a stone giant
  2510 | D        | Slain by a cyan ugly thing

Vault maps used:
D:        linesprint

Skill      XL: |  1  2  3  4  5  6  7  8  9 10 11 12 |
---------------+-------------------------------------+-----
Crossbows      | 2 3 4 5 6 7 8 9 10 11 | 11.7
Axes           | 2 3 4 5 6 7 8 9 11 12 | 12.0
Evocations     | 2 4 5 6 7 8 9 10 11 | 11.6
Staves         | 2 3 4 5 6 7 8 9 10 11 | 11.6
Throwing       | 2 3 4 6 7 8 10 11 | 11.3
Conjurations   | 2 4 5 6 7 8 10 11 | 11.3
Stealth        | 2 3 4 5 6 7 8 10 11 12 | 12.6
Spellcasting   | 5 6 7 8 9 11 | 11.9
Armour         | 3 4 5 6 7 8 9 11 | 11.9
Hexes          | 2 3 4 5 6 7 8 9 10 12 | 12.0
Translocations | 2 4 5 6 7 8 9 10 11 | 11.4
Fighting       | 3 4 5 7 8 9 10 12 | 12.0
Short Blades   | 1 2 3 4 5 6 7 8 9 10 11 | 11.3
Maces & Flails | 1 2 4 5 6 7 8 10 11 | 11.4
Polearms       | 1 3 4 5 7 8 9 10 11 | 11.7
Slings         | 1 2 3 4 5 6 7 9 10 11 | 11.4
Bows           | 2 3 4 5 6 7 8 9 11 12 | 12.0
Shields        | 1 2 3 4 5 6 7 8 9 10 11 | 11.9
Necromancy     | 1 3 4 5 6 7 9 10 11 | 11.5
Fire Magic     | 2 3 4 6 7 8 9 10 11 | 11.6
Ice Magic      | 1 2 3 4 5 6 7 8 10 11 | 11.2
Earth Magic    | 1 3 4 5 6 7 9 10 11 | 11.5
Poison Magic   | 1 2 3 4 5 6 7 8 10 11 | 11.3
Invocations    | 2 3 4 5 6 7 8 10 11 | 11.1
Long Blades    | 1 3 4 6 7 8 10 11 | 11.8
Charms         | 1 2 3 4 5 6 7 8 9 10 | 10.9
Summonings     | 1 2 3 4 5 6 7 9 10 11 | 11.8
Air Magic      | 1 2 3 4 5 6 7 8 9 10 | 10.9
Dodging        | 5 6 7 8 9 10 11 12 | 12.8
Transmutations | 5 6 7 8 9 10 11 12 | 12.8
Unarmed Combat | 7 8 9 10 11 12 13 | 13.2

Action                   |  1- 3 |  4- 6 |  7- 9 | 10-12 || total
-------------------------+-------+-------+-------+-------++-------
Melee: Unarmed           |    19 |    20 |    49 |   229 ||   317
       Kick              |     5 |       |       |       ||     5
       Bite              |     2 |     1 |       |     3 ||     6
       Punch             |       |     1 |       |     3 ||     4
 Cast: Beastly Appendage |     2 |       |       |       ||     2
       Ice Form          |       |     1 |     3 |     3 ||     7
       Blade Hands       |       |       |       |     1 ||     1
       Bolt of Fire      |       |       |       |    10 ||    10
       Hydra Form        |       |       |       |     6 ||     6
  Use: Potion            |     1 |       |     1 |    12 ||    14
       Scroll            |       |     1 |       |     2 ||     3
 Stab: Sleeping          |       |       |     1 |     1 ||     2
  Eat: Meat ration       |       |       |       |     2 ||     2
       Bread ration      |       |       |       |     1 ||     1
Armor: Robe              |     1 |       |       |     3 ||     4
       Skin              |       |     5 |    12 |    24 ||    41
Dodge: Dodged            |     6 |     8 |    30 |    98 ||   142

Table legend:
 A = Spawn XP
 B = Non-spawn XP
 C = Spawn XP percentage of total XP
 D = Spawn monster count
 E = Non-spawn monster count
 F = Spawn count percentage of total count
 G = Total turns spent on level
                    A         B        C        D         E        F      G
               +---------+---------+-------+---------+---------+-------+---------
         Total |       0 |   29945 |   0.0 |       0 |     100 |   0.0 |  2510
               +---------+---------+-------+---------+---------+-------+---------
             D |       0 |   29945 |   0.0 |       0 |     100 |   0.0 |  2510
               +---------+---------+-------+---------+---------+-------+---------
